 Dungeon Crawl Stone Soup version 0.28-a0-429-g1448048969 (webtiles) character file.

Game seed: 5895233310349325211

2 siradein the Vexing (level 1, 0/11 HPs)
             Began as a Deep Elf Arcane Marksman on Sept 10, 2021.
             Slain by a kobold (4 damage)
             ... on level 1 of the Dungeon.
             The game lasted 00:00:47 (88 turns).

siradein the Vexing (Deep Elf Arcane Marksman)        Turns: 88, Time: 00:00:48

Health: 0/11       AC:  2    Str:  7    XL:     1   Next: 25%
Magic:  5/5        EV: 12    Int: 17    God:
Gold:   0          SH:  0    Dex: 15    Spells: 3/3 levels left

rFire   . . .      SeeInvis .   a - +0 shortbow
rCold   . . .      Faith    .   (shield currently unavailable)
rNeg    . . .      Spirit   .   d - +0 robe
rPois   .          Reflect  .   (no helmet)
rElec   .          Harm     .   (no cloak)
rCorr   .          Rampage  .   (no gloves)
Will    .....                   (no boots)
Stlth   +.........              (no amulet)
HPRegen 0.03/turn               (no ring)
MPRegen 0.09/turn               (no ring)

@: no status effects
A: no striking features
a: no special abilities


You were on level 1 of the Dungeon.
You visited 1 branch of the dungeon, and saw 1 of its levels.

Inventory:

Hand Weapons
 a - a +0 shortbow (weapon)
Missiles
 c - 6 arrows (quivered ammo)
Armour
 d - a +0 robe (worn)


   Skills:
 - Level 0.7 Fighting
 + Level 2.7 Bows
 + Level 2.4 Dodging
 + Level 1.6 Spellcasting
 + Level 4.0 Hexes


You had 3 spell levels left.
You didn't know any spells.
Your spell library contained the following spells:

 Spells                   Type           Power      Damage    Failure   Level
 Slow                     Hex            15%        N/A       6%          2
 Inner Flame              Hex/Fire       8%         N/A       26%         3
 Portal Projectile        Hex/Tloc       16%        N/A       26%         3
 Cause Fear               Hex            7%         N/A       36%         4


Dungeon Overview and Level Annotations

Branches:
Dungeon (1/15)

Altars:


Message History

Unknown command.
There is an open door here.
Fire: 12 arrows
Press: ? - help, Q - select action Shift-Dir - straight line, f/p - goblin
Aim: a goblin, wielding a +0 dagger (moderately wounded, 51% to hit)
You shoot an arrow. The arrow closely misses the kobold.
The arrow barely misses the goblin.
The kobold closely misses you.
Fire: 11 arrows
Press: ? - help, Q - select action Shift-Dir - straight line, f/p - goblin
Aim: a goblin, wielding a +0 dagger (moderately wounded, 51% to hit)
You shoot an arrow. The arrow barely misses the kobold.
The arrow hits the goblin!
You kill the goblin!
The kobold hits you with a +0 short sword.
The kobold barely misses you.
Fire: 10 arrows
Press: ? - help, Q - select action Shift-Dir - straight line, f - kobold
Aim: a kobold, wielding a +0 short sword (51% to hit)
You shoot an arrow.
The arrow hits the kobold but does no damage.
The kobold hits you with a +0 short sword.
Fire: 9 arrows
Press: ? - help, Q - select action Shift-Dir - straight line, f/p - kobold
Aim: a kobold, wielding a +0 short sword (51% to hit)
You shoot an arrow. The arrow hits the kobold.
The kobold is moderately wounded.
The kobold closely misses you.
Fire: 8 arrows
Press: ? - help, Q - select action Shift-Dir - straight line, f/p - kobold
Aim: a kobold, wielding a +0 short sword (moderately wounded, 51% to hit)
You shoot an arrow. The arrow barely misses the kobold.
The kobold misses you.
Unknown command.
Fire: 7 arrows
Press: ? - help, Q - select action Shift-Dir - straight line, f/p - kobold
Aim: a kobold, wielding a +0 short sword (moderately wounded, 51% to hit)
You shoot an arrow. The arrow barely misses the kobold.
The kobold hits you with a +0 short sword.
You die...

# #.# # #.# # #.# # #.# # #.#
# #.# ### ##'##
..######################...#
..'.............@K(...'(.#.##
..#####################.#...#
### ###.### #.#
...............
..#......!..... #....#.......
#.... ..>(..( #.... ...(...


You could see a kobold.

Vanquished Creatures
  A goblin (D:1)
  A kobold (D:1)
2 creatures vanquished.

Notes
Turn   | Place    | Note
-------+----------+-------------------------------------------
     0 | D:1      | siradein the Deep Elf Arcane Marksman began the quest for
                  | the Orb.
     0 | D:1      | Reached XP level 1. HP: 11/11 MP: 5/5
    88 | D:1      | Slain by a kobold

Illustrated notes

Levels and vault maps discovered:
D:1:      elethiomel_arrival_fortress_basement, layout_rooms,
          shapermc_ecumenical_altar_mp_urbaneastern

Action                   || total
-------------------------++-------
 Fire: Shortbow          ||    14
Armor: Robe              ||     2
Dodge: Dodged            ||     7

Table legend: (Time is in decaauts)
 A = Elapsed time spent in this place.
 B = Non-inter-level travel time spent in this place.
 C = Inter-level travel time spent in this place.
 D = Time resting spent in this place.
 E = Time spent auto-exploring this place.
 F = Levels seen in this place.
 G = Mean time per level.
                   A        B        C        D        E       F      G
               +--------+--------+--------+--------+--------+-----+--------+
         Total |     90 |     90 |      0 |      0 |     57 |   1 |   90.0 |
       Dungeon |     90 |     90 |      0 |      0 |     57 |   1 |   90.0 |
               +--------+--------+--------+--------+--------+-----+--------+

Top non-repeatable levels by time:
     D:1: 90 daAuts
